 Dungeon Crawl Stone Soup version 0.23.2 (webtiles) character file.

Game seed: 11580696005510545575

3024 FakeJameh the Nimble (level 9, 0/51 (54) HPs)
             Began as a Felid Chaos Knight on Apr 29, 2019.
             Was a Plaything of Xom.
             Slain by a spectral orc warrior
             ... wielding a +0 glaive
             ... summoned by Nergalle
              (3 damage)
             ... on level 10 of the Dungeon.
             The game lasted 01:12:07 (9265 turns).

FakeJameh the Nimble (Felid Chaos Knight)           Turns: 9265, Time: 01:12:07

HP:   0/51 (54)     AC: 24    Str: 11    XL:     9   Next: 55%
MP:   11/17         EV:  4    Int: 22    God:    Xom [....*.]
Gold: 585           SH:  0    Dex: 20    Spells: 4/18 levels left
                                        Lives: 0   Deaths: 2

rFire    . . .     SeeInvis +     - Unarmed
rCold    . . .     Gourm    .   (shield unavailable)
rNeg     + + +     Faith    +   (armour unavailable)
rPois    +         Spirit   .   (helmet unavailable)
rElec    .         Reflect  .   (cloak unavailable)
rCorr    .         Harm     .   (gloves unavailable)
MR       ++...     Clarity  +   (boots unavailable) Stlth ++++......NoTele +
                                j - amulet of faith
HPRegen  0.17/turn              h - +3 ring of strength
MPRegen  0.15/turn              c - ring of protection from magic

@: brilliant, agile, tree-form, cleaving, hasted, lightly drained, very quick
A: very small, no armour, no weapons or thrown items, stealth, repulsion field
1, see invisible, carnivore, clarity, frail 1, slow metabolism 1
a: Renounce Religion


You were on level 10 of the Dungeon.
You worshipped Xom.
You were a beloved toy of Xom.
You were completely stuffed.
You were a tree.
You visited 1 branch of the dungeon, and saw 10 of its levels.

You collected 585 gold pieces.

Inventory:

Missiles
 x - 2 throwing nets
Jewellery
 c - a ring of protection from magic (right branch)
 h - a +3 ring of strength (left branch)
 i - an uncursed amulet of guardian spirit
 j - an amulet of faith (around neck)
 p - an uncursed ring of ice
 u - an uncursed amulet of magic regeneration
Wands
 d - a wand of enslavement (5)
 n - a wand of disintegration (7)
Scrolls
 b - 7 scrolls of teleportation
 e - 4 scrolls of amnesia
 f - a scroll of noise {unknown}
 k - a scroll of fear {unknown}
 m - 4 scrolls of remove curse {unknown}
 q - a scroll of enchant armour {unknown}
 r - a scroll of random uselessness {unknown}
 t - 2 scrolls of magic mapping
 y - a scroll of blinking {unknown}
 A - a scroll of immolation {unknown}
Potions
 l - 3 potions of might
 o - a potion of brilliance
 w - a potion of lignification
Miscellaneous
 s - a phantom mirror
Comestibles
 a - 15 rations


   Skills:
 - Level 5.2(5.0) Fighting
 - Level 9.7(9.4) Dodging
 - Level 4.6(4.4) Stealth
 + Level 7.9(7.6) Unarmed Combat
 + Level 5.0(4.7) Spellcasting
 + Level 0.5(0.3) Conjurations
 + Level 6.4(6.1) Hexes
 - Level 3.6(3.4) Charms
 - Level 1.7(1.5) Necromancy
 - Level 1.2(1.0) Ice Magic


You had 4 spell levels left.
You knew the following spells:

 Your Spells              Type           Power        Failure   Level  Hunger
a - Pain                  Necr           ####         1%          1    None
b - Animate Skeleton      Necr           N/A          1%          1    None
c - Corona                Hex            #####..      1%          1    None
d - Ensorcelled Hibernat  Hex/Ice        ####..       1%          2    None
e - Inner Flame           Hex/Fire       ####....     1%          3    ##.....
f - Ozocubu's Armour      Chrm/Ice       ####....     1%          3    ##.....
g - Dazzling Spray        Conj/Hex       ####..       1%          3    ##.....

Your spell library contained the following spells:

 Spells                   Type           Power        Failure   Level  Hunger
 Flame Tongue             Conj/Fire      ###..        1%          1    None
 Sandblast                Erth           ###...       1%          1    None
 Passwall                 Tmut/Erth      ###.....     1%          2    None
 Throw Flame              Conj/Fire      ###...       1%          2    None
 Confuse                  Hex            #####...     1%          3    ##.....
 Regeneration             Chrm/Necr      ####......   1%          3    ##.....
 Tukima's Dance           Hex            #####...     1%          3    ##.....
 Vampiric Draining        Necr           ####......   2%          3    ##.....
 Conjure Flame            Conj/Fire      ###.....     3%          3    ##.....
 Stone Arrow              Conj/Erth      ###...       3%          3    ##.....
 Animate Dead             Necr           N/A          7%          4    ####...
 Throw Icicle             Conj/Ice       ###.....     9%          4    ####...
 Sticky Flame             Conj/Fire      ###.....     11%         4    ####...
 Petrify                  Tmut/Erth      ###.....     12%         4    ####...
 Metabolic Englaciation   Hex/Ice        ####......   8%          5    #####..
 Borgnjor's Vile Clutch   Necr/Erth      ###.......   22%         5    #####..
 Fireball                 Conj/Fire      ###.......   26%         5    #####..
 Lee's Rapid Deconstruct  Erth           ###.......   28%         5    #####..
 Bolt of Cold             Conj/Ice       ###.......   69%         6    #######


Dungeon Overview and Level Annotations

Branches:
Dungeon (10/15)            Temple (0/1) D:5
   Lair: D:8-11         Orc: D:9-12

Altars:
Ashenzari
Cheibriados
Okawaru
Qazlal
Ru
Sif Muna
Xom

Annotations:
D:8 Gastronok
D:9 1 runed translucent door, Kave's ghost, novice TrTm
D:10 Nergalle


Innate Abilities, Weirdness & Mutations

You cannot wear armour.
You are incapable of wielding weapons or throwing items.
Your paws allow you to move quietly. (Stealth)
((You have sharp claws.))
((You have razor-sharp teeth.))
You have supernaturally acute eyesight. (SInv)
You are carnivorous and can eat meat at any time.
((You cover ground quickly.))
((You are covered in thick fur. (AC +2)))
You have a slow metabolism.
((Your sharp claws are effective at attacking unaware monsters.))
You are surrounded by a mild repulsion field. (EV +2)
((You are partially covered in large bone plates. (SH +4)))
((Your skin changes colour to match your surroundings (Stealth+).))
You possess an exceptional clarity of mind.
You are frail. (-10% HP)


Message History

The spectral orc warrior hits you from afar with a +0 glaive.
* * * LOW HITPOINT WARNING * * *
You feel agile all of a sudden.
The spectral orc warrior hits you but does no damage.
Nergalle hits you but does no damage.
The spectral orc warlord hits you but does no damage.
The spectral orc warrior hits you with a +0 dire flail.
* * * LOW HITPOINT WARNING * * *
You smack Nergalle!
Your punch misses Nergalle.
Nergalle is heavily wounded.
You hit the spectral orc warrior but do no damage. x2
You hit the spectral orc warrior. You hit the spectral orc knight.
You hit the spectral orc warlord.
The spectral orc warrior hits you but does no damage.
The spectral orc knight hits you but does no damage.
Nergalle hits you but does no damage.
The spectral orc warrior hits you but does no damage.
The spectral orc warrior hits you from afar with a +0 glaive.
You die...
Xom chuckles heartily!

..#..........#...................
..#..........#...................
..#..........#.......######'#...#
..#..........#.......#......#...#
..#.........##.......#......#...#
###.........#........#......#...#
#...........#......#'#......#...#
#...........#.Z..Z.#........#....
#...........#..Z♣Z.#.....####....
#...........#..oZZ.'.....#.......
##'##.......#...Z..#.....#.......
....#......##...####.....#.......
....#......#.... ......+.......
....#......#.... .......#.......
....#......#.... ........#.......
....#......#.... .########.......
....#......### ...........


You could see Nergalle, a spectral orc, 4 spectral orc warriors, a spectral orc
knight and a spectral orc warlord.

Vanquished Creatures
  Maurice (D:8)
  A merfolk (shapeshifter) (D:10)
  A hippogriff (D:7)
  A wyvern (D:10)
  A hungry ghost (D:7)
  A water moccasin (D:9)
  A phantom (D:9)
  3 orc warriors
  A black bear (D:6)
  An ogre (D:5)
  A necrophage (D:10)
  3 centaurs (D:7)
  2 bullfrogs
  A water moccasin zombie (D:7)
  A jelly (D:7)
  A water moccasin skeleton (D:8)
  6 killer bees
  A bullfrog zombie (D:7)
  5 crimson imps
  A hound (D:4)
  8 orc priests
  7 orc wizards
  3 iguanas
  8 worker ants
  A hound zombie (D:9)
  4 gnolls
  7 adders
  2 shadow imps (D:9)
  An ooze (D:2)
  An adder skeleton (D:3)
  A worm (D:6)
  4 dart slugs
  4 leopard geckos
  14 orcs
  A ball python (D:1)
  9 bats
  4 giant cockroaches
  9 goblins
  3 hobgoblins
  14 jackals
  5 kobolds
  3 quokkas
  2 frilled lizards
  5 rats
154 creatures vanquished.

Vanquished Creatures (collateral kills)
  2 orc warriors (D:6)
  An ogre (D:9)
  A gnoll sergeant (D:7)
  A howler monkey (D:6)
  A crimson imp (D:7)
  An orc priest (D:6)
  2 hounds
  An orc wizard (D:6)
  2 gnolls (D:7)
  5 orcs
17 creatures vanquished.

Vanquished Creatures (others)
  An orc (D:9)
1 creature vanquished.

Grand Total: 172 creatures vanquished

Notes
Turn   | Place    | Note
-------+----------+-------------------------------------------
     0 | D:1      | FakeJameh the Felid Chaos Knight began the quest for the
                  | Orb.
     0 | D:1      | Reached XP level 1. HP: 10/10 MP: 2/2
    53 | D:1      | XOM: harmless Erth miscast
   105 | D:1      | XOM: butterfly on damage
   333 | D:1      | Reached XP level 2. HP: 12/14 MP: 3/3
   580 | D:1      | XOM: noise
   854 | D:1      | XOM: summons 1 hostile demon
   855 | D:1      | Noticed a crimson imp
  1146 | D:1      | Reached XP level 3. HP: 17/17 MP: 4/4
  1478 | D:2      | Gained mutation: You occasionally shout uncontrollably at
                  | your foes. [potion of mutation]
  1478 | D:2      | Gained mutation: Your magical capacity is low. (-10% MP)
                  | [potion of mutation]
  1478 | D:2      | Gained mutation: You are somewhat resistant to further
                  | mutation. [potion of mutation]
  1478 | D:2      | Gained mutation: Your skin changes colour to match your
                  | surroundings (Stealth+). [potion of mutation]
  1483 | D:2      | Reached skill level 4 in Dodging
  1639 | D:2      | Reached XP level 4. HP: 13/21 MP: 4/4
  1700 | D:2      | Found an iron altar of Okawaru.
  1861 | D:3      | XOM: 8-stop teleportation journey
  1897 | D:3      | XOM: 7-stop teleportation journey
  2323 | D:3      | Reached skill level 1 in Stealth
  2403 | D:3      | XOM: god gift: small citrine amulet {god gift}
  2544 | D:4      | XOM: harmless Tmut miscast
  2555 | D:4      | XOM: smoke on damage
  2638 | D:4      | XOM: mild Tmut miscast
  2645 | D:4      | XOM: enchant monster (good)
  2653 | D:4      | Reached XP level 5. HP: 23/24 MP: 5/5
  2656 | D:4      | XOM is BORED!
  2656 | D:4      | XOM: mild Chrm miscast
  2720 | D:4      | XOM: polymorph adder -> worker ant
  2740 | D:4      | XOM: cleaving
  2741 | D:4      | XOM: scenery: create altars
  2851 | D:4      | XOM: 1-stop teleportation journey
  2934 | D:4      | Reached skill level 5 in Dodging
  2937 | D:4      | XOM: 3-stop teleportation journey
  3017 | D:4      | Identified Xom's Volume of Objectivity (Xom gifted it to
                  | you on level 4 of the Dungeon)
  3017 | D:4      | XOM: god gift: Xom's Volume of Objectivity
  3023 | D:4      | Learned a level 3 spell: Ozocubu's Armour
  3125 | D:5      | Entered Level 5 of the Dungeon
  3140 | D:5      | Found a staircase to the Ecumenical Temple.
  3140 | D:5      | Noticed an ogre
  3144 | D:5      | XOM: enchant monster (good)
  3149 | D:5      | XOM: cleaving
  3155 | D:5      | Killed an ogre
  3155 | D:5      | Reached skill level 1 in Spellcasting
  3155 | D:5      | Gained mutation: You are covered in thick fur. (AC +2)
                  | [Felid growth]
  3155 | D:5      | Reached XP level 6. HP: 28/28 MP: 5/7
  3294 | D:5      | Found a sacrificial altar of Ru.
  3442 | D:5      | XOM: 8-stop teleportation journey
  3474 | D:6      | XOM: summons 6 friendly demons
  3491 | D:6      | Noticed an orc warrior
  3497 | D:6      | Killed an orc warrior
  3515 | D:6      | Lost mutation: You are somewhat resistant to further
                  | mutation. [potion of mutation]
  3515 | D:6      | Lost mutation: Your magical capacity is low. (-10% MP)
                  | [potion of mutation]
  3515 | D:6      | Lost mutation: You occasionally shout uncontrollably at
                  | your foes. [potion of mutation]
  3515 | D:6      | Gained mutation: You are robust. (+10% HP) [potion of
                  | mutation]
  3515 | D:6      | Lost mutation: You are robust. (+10% HP) [potion of
                  | mutation]
  3515 | D:6      | Gained mutation: Your muscles are strong. (Str +2) [potion
                  | of mutation]
  3558 | D:6      | Reached skill level 6 in Dodging
  3558 | D:6      | Reached XP level 7. HP: 15/31 MP: 11/11
  3817 | D:5      | Found a snail-covered altar of Cheibriados.
  3875 | D:5      | XOM: cloud trail
  3937 | D:6      | XOM: cleaving
  3949 | D:6      | XOM: summons 7 friendly demons
  3951 | D:6      | Reached skill level 1 in Charms
  3975 | D:6      | Killed from afar by an orc priest
  3976 | D:6      | Reached XP level 6. HP: -3/28 MP: 10/10
  4032 | D:6      | XOM: god gift: phantom mirror
  4071 | D:6      | XOM: 8-stop teleportation journey
  4073 | D:6      | XOM: 3-stop teleportation journey
  4092 | D:6      | XOM: summons 4 hostile shadow creatures
  4093 | D:6      | Noticed a sky beast
  4118 | D:6      | XOM: silly message
  4130 | D:6      | XOM: repel stairs
  4168 | D:7      | Found a shimmering altar of Xom.
  4170 | D:7      | Found a shimmering altar of Xom.
  4172 | D:7      | Found a shimmering altar of Xom.
  4201 | D:7      | Learned a level 3 spell: Inner Flame
  4214 | D:7      | Noticed a fire bat
  4372 | D:7      | Noticed an orc warrior
  4429 | D:7      | XOM: torment (18/28 hp)
  4442 | D:7      | Noticed a fire bat
  4444 | D:7      | Noticed a queen bee
  4445 | D:7      | Noticed a hungry ghost
  4464 | D:7      | XOM: potion effect (berserk rage)
  4467 | D:7      | XOM: potion effect (agility)
  4470 | D:7      | Killed a hungry ghost
  4515 | D:7      | Reached XP level 7. HP: 29/33 MP: 10/12
  4524 | D:7      | XOM: cast spell 'Olgreb's Toxic Radiance'
  4533 | D:7      | Noticed a rime drake
  4536 | D:7      | a rime drake changed into a naga
  4542 | D:7      | Noticed a hornet
  4544 | D:7      | XOM: enchant monster (bad)
  4544 | D:7      | a hornet changed into a water moccasin
  4549 | D:7      | Reached skill level 7 in Dodging
  4563 | D:7      | Noticed a hog
  4694 | D:7      | XOM: god gift: 22 bolts
  4763 | D:7      | XOM: confuse monster(s)
  4767 | D:7      | XOM: summons 4 friendly demons
  4804 | D:7      | XOM: scenery: 1 doors close
  4851 | D:7      | XOM: scenery: 2 doors close
  4855 | D:6      | XOM: confuse monster(s)
  4944 | D:7      | Noticed a salamander
  4946 | D:7      | Noticed a black mamba
  4946 | D:7      | a salamander changed into a black mamba
  5146 | D:6      | XOM: potion effect (invisibility)
  5153 | D:6      | Reached skill level 5 in Fighting
  5153 | D:6      | Reached skill level 1 in Ice Magic
  5153 | D:6      | Reached XP level 8. HP: 37/37 MP: 14/14
  5161 | D:6      | XOM: god gift: scroll labeled EPHUGR DANO {god gift}
  5222 | D:8      | Noticed Gastronok
  5556 | D:7      | Noticed a hippogriff
  5561 | D:7      | HP: 1/37 [acid (4)]
  5707 | D:6      | XOM: scenery: create altars
  5780 | D:6      | XOM: summons 7 friendly demons
  6073 | D:6      | Engulfed by a cloud of flame
  6073 | D:6      | Reached skill level 8 in Dodging
  6073 | D:6      | Reached skill level 5 in Unarmed Combat
  6073 | D:6      | Reached skill level 1 in Hexes
  6074 | D:6      | Reached XP level 7. HP: 1/33 MP: 12/13
  6099 | D:6      | XOM: mild Summ miscast
  6134 | D:7      | Learned a level 1 spell: Corona
  6137 | D:7      | Learned a level 2 spell: Ensorcelled Hibernation
  6141 | D:7      | Learned a level 3 spell: Confuse
  6217 | D:7      | XOM: confuse monster(s)
  6227 | D:7      | Learned a level 1 spell: Pain
  6387 | D:7      | XOM: cast spell 'Necromutation'
  6392 | D:7      | XOM: cast spell 'Chain of Chaos'
  6394 | D:7      | XOM: enchant monster (bad)
  6396 | D:7      | XOM: butterfly on damage
  6408 | D:7      | Killed a hippogriff
  6410 | D:7      | XOM: cleaving
  6435 | D:7      | XOM: confuse monster(s)
  6445 | D:7      | Reached skill level 1 in Necromancy
  6471 | D:7      | Learned a level 1 spell: Animate Skeleton
  6507 | D:7      | Reached XP level 8. HP: 20/37 MP: 8/14
  6547 | D:7      | Reached skill level 9 in Dodging
  6733 | D:7      | XOM: potion effect (curing)
  6750 | D:7      | XOM: scenery: 2 doors close
  6879 | D:7      | XOM: give mutations
  6879 | D:7      | Gained mutation: You are partially covered in large bone
                  | plates. (SH +4) [Xom's grace]
  6879 | D:7      | Gained mutation: You possess an exceptional clarity of
                  | mind. [Xom's grace]
  6879 | D:7      | Gained mutation: You are surrounded by a mild repulsion
                  | field. (EV +2) [Xom's grace]
  6942 | D:8      | Noticed Maurice
  6959 | D:8      | XOM: summons 5 friendly demons
  6978 | D:8      | XOM: divination: magic mapping
  6980 | D:8      | XOM: chaos upgrade
  6986 | D:8      | Killed Maurice
  7286 | D:8      | Found a deep blue altar of Sif Muna.
  7376 | D:9      | Found a shattered altar of Ashenzari.
  7404 | D:9      | Learned a level 3 spell: Dazzling Spray
  7410 | D:9      | XOM: summons friendly quasit
  7455 | D:9      | Reached skill level 5 in Hexes
  7571 | D:9      | XOM: harmless Necr miscast
  7640 | D:9      | Found a stormy altar of Qazlal.
  7674 | D:9      | XOM: cast spell 'Metabolic Englaciation'
  7721 | D:9      | XOM: cleaving
  7726 | D:9      | XOM: butterfly on damage
  7736 | D:9      | XOM: scenery: create altars
  7815 | D:8      | XOM: harmless Fire miscast
  8026 | D:9      | XOM: enchant monster (good)
  8027 | D:9      | Reached XP level 9. HP: 30/40 MP: 11/16
  8155 | D:9      | Found a runed translucent door.
  8158 | D:9      | Noticed Kave's ghost (novice TrTm)
  8245 | D:9      | Found a runed translucent door.
  8246 | D:9      | Found a runed translucent door.
  8257 | D:9      | XOM: enchant monster (bad)
  8270 | D:9      | XOM: polymorph giant cockroach -> gnoll
  8430 | D:9      | XOM: give mutations
  8430 | D:9      | Gained mutation: You are frail. (-10% HP) [Xom's mischief]
  8430 | D:9      | Lost mutation: Your muscles are strong. (Str +2) [Xom's
                  | mischief]
  8645 | D:9      | Noticed a harpy
  8645 | D:9      | a yak changed into a harpy
  8645 | D:9      | XOM: polymorph yak -> harpy
  8666 | D:9      | XOM: confuse monster(s)
  8669 | D:9      | XOM: polymorph butterfly -> dart slug
  8670 | D:10     | Entered Level 10 of the Dungeon
  8767 | D:10     | Noticed Nergalle
  8817 | D:10     | XOM: divination: detect creatures
  8908 | D:10     | XOM: fog
  8977 | D:10     | XOM: cleaving
  8984 | D:10     | Noticed a glowing shapeshifter
  8984 | D:10     | a killer bee changed into a glowing shapeshifter
  8984 | D:10     | XOM: polymorph killer bee -> glowing shapeshifter
  8984 | D:10     | Noticed a faun
  8984 | D:10     | a glowing shapeshifter changed into a faun
  8986 | D:10     | Noticed a merfolk
  8986 | D:10     | a faun changed into a merfolk
  8989 | D:10     | XOM: enchant monster (good)
  8991 | D:10     | Killed a merfolk
  8991 | D:10     | Reached skill level 5 in Spellcasting
  9015 | D:10     | XOM: scenery: 1 doors open
  9170 | D:10     | XOM: god gift: 6 curare-tipped needles
  9253 | D:10     | XOM: scenery: 1 doors open
  9257 | D:10     | XOM: cleaving
  9261 | D:10     | Noticed a spectral orc warlord
  9265 | D:10     | Slain by a spectral orc warrior

Skill      XL: |  1  2  3  4  5  6  7  8  9 |
---------------+----------------------------+-----
Dodging        | 4 5 6 7 9 |  9.7
Unarmed Combat | 4 6 7 |  7.9
Stealth        | 1 3 4 |  4.6
Spellcasting   | 1 3 4 5 |  5.0
Fighting       | 5 |  5.2
Charms         | 2 3 |  3.6
Ice Magic      | 1 |  1.2
Hexes          | 3 5 6 |  6.4
Necromancy     | 1 |  1.7
Conjurations   | |  0.5

Action                   |  1- 3 |  4- 6 |  7- 9 || total
-------------------------+-------+-------+-------++-------
Melee: Unarmed           |   142 |   200 |   317 ||   659
       Bite              |    14 |    19 |    33 ||    66
       Punch             |     2 |       |    12 ||    14
 Cast: Ozocubu's Armour  |       |     3 |    11 ||    14
       Pain              |       |       |    16 ||    16
       Confuse           |       |       |     4 ||     4
       Ensorcelled Hiber |       |       |    10 ||    10
       Dazzling Spray    |       |       |    12 ||    12
       Corona            |       |       |    10 ||    10
       Inner Flame       |       |       |     3 ||     3
Evoke: Wand              |       |       |     1 ||     1
  Use: Potion            |     4 |     6 |     7 ||    17
       Scroll            |     1 |     3 |     5 ||     9
 Stab: Sleeping          |     1 |     6 |    10 ||    17
       Paralysed         |       |     2 |     3 ||     5
       Distracted        |       |     3 |     3 ||     6
       Petrified         |       |     4 |       ||     4
       Invisible         |       |       |     5 ||     5
       Confused          |       |       |     1 ||     1
  Eat: Chunk             |     9 |     5 |    19 ||    33
Armor: Skin              |    24 |    17 |    43 ||    84
Dodge: Dodged            |   124 |   209 |   287 ||   620
Block: Other             |       |       |    20 ||    20
